 Dungeon Crawl Stone Soup version 0.19.1-1-g22dce08 (webtiles) character file.

290 Alarkh the Chopper (level 6, -7/51 HPs)
             Began as a Draconian Monk on Jan 17, 2017.
             Mangled by a gnoll (9 damage)
             ... on level 5 of the Dungeon.
             The game lasted 00:03:41 (3317 turns).

Alarkh the Chopper (Draconian Monk)                 Turns: 3317, Time: 00:03:41

Health: -7/51      AC:  7    Str: 18    XL:     6   Next: 9%
Magic:  13/15      EV: 13    Int: 13    God:
Gold:   187        SH:  0    Dex: 13    Spells: 0 memorised, 5 levels left

rFire  . . .     SeeInvis .     a - +2 war axe (flame)
rCold  . . .     Gourm    .     (armour unavailable)
rNeg   . . .     Faith    .     (no shield)
rPois  +         Spirit   .     (helmet restricted)
rElec  .         Reflect  .     s - +0 cloak
rCorr  .         Harm     .     (no gloves)
MR     .....                    (no boots)
Stlth  ++........               (no amulet)
                                x - ring of magical power
                                u - ring of poison resistance

@: mighty
A: unfitting armour, cold-blooded, AC +6
a: no special abilities


You were on level 5 of the Dungeon.
You were very hungry.

You visited 1 branch of the dungeon, and saw 5 of its levels.

You collected 187 gold pieces.

Inventory:

Hand Weapons
 a - a +2 war axe of flaming (weapon)
 r - a +0 hand axe
Armour
 s - a +0 cloak (worn)
Jewellery
 h - an uncursed ring of fire
 u - a ring of poison resistance (left hand)
 x - a ring of magical power (right hand)
Scrolls
 c - a scroll of identify {unknown}
 i - a scroll of random uselessness {unknown}
 j - 2 scrolls of amnesia
 k - a scroll of blinking {unknown}
 m - a scroll of recharging
 n - a scroll of remove curse {unknown}
 v - a scroll of magic mapping {unknown}
Potions
 q - a potion of cure mutation {unknown}
 t - a potion of agility {unknown}
 w - a potion of curing {unknown}
Comestibles
 b - 3 bread rations
 d - 4 fruits
 f - a meat ration
 l - a slice of pizza
 o - a royal jelly


   Skills:
 - Level 3.2 Fighting
 + Level 6.9 Axes
 - Level 2.6 Dodging
 - Level 1.7 Stealth


You had 5 spell levels left.
You didn't know any spells.

Dungeon Overview and Level Annotations

Branches:
Dungeon (5/15)
 Temple: D:4-7

Altars:
Dithmenos
Hepliaklqana

Annotations:
D:3 1 runed door
D:4 Dowan, Duvessa, Natasha


Innate Abilities, Weirdness & Mutations

Your plain brown scales are hard. (AC +6)
You cannot fit into any form of body armour.
You are cold-blooded and may be slowed by cold attacks.


Message History

The gnoll shaman hits you with a whip.
* * * LOW HITPOINT WARNING * * *
You closely miss the gnoll shaman. You hit the gnoll. You burn the gnoll.
The gnoll hits you but does no damage. The gnoll shaman closely misses you.
You closely miss the gnoll shaman. You closely miss the gnoll.
The gnoll closely misses you. The gnoll shaman misses you.
You slash the gnoll shaman! You burn the gnoll shaman.
You tail-slap the gnoll shaman!
You kill the gnoll shaman!
You have reached level 6!
Your experience leads to an increase in your attributes!
Your base attributes are Str 13, Int 12, Dex 13.
Increase (S)trength, (I)ntelligence, or (D)exterity?
You feel clever.
Your scales feel tougher.
You closely miss the gnoll. The gnoll closely misses you.
You slice the gnoll!! You burn the gnoll.
You kill the gnoll!
You barely miss the gnoll.
Your tail-slap misses the gnoll.
The gnoll hits you but does no damage. The gnoll hits you!
You die...

.o .#
.#
##.#
...
#.#
####.#
#.@)<#
#g##.#
#g #.#
#. #.#
#. ...
#. ..#
#. ...
.....#


You could see 2 gnolls.

Vanquished Creatures
  A howler monkey (D:3)
  A gnoll shaman (D:5)
  Terence (D:2)
  Robin (D:2)
  8 adders
  A gnoll (D:5)
  An ooze (D:2)
  4 worms (D:2)
  2 dart slugs (D:1)
  A leopard gecko (D:1)
  3 orcs (D:3)
  2 giant cockroaches
  17 goblins
  12 hobgoblins
  7 jackals
  4 kobolds
  2 ball pythons (D:1)
  3 bats (D:2)
  4 frilled lizards
  7 rats
82 creatures vanquished.

Notes
Turn   | Place    | Note
-------+----------+-------------------------------------------
     0 | D:1      | Alarkh the Draconian Monk began the quest for the Orb.
     0 | D:1      | Reached XP level 1. HP: 19/19 MP: 1/1
   272 | D:1      | Reached XP level 2. HP: 15/26 MP: 2/2
   486 | D:1      | Reached skill level 4 in Axes
   576 | D:1      | Reached XP level 3. HP: 31/31 MP: 3/3
  1149 | D:2      | Found a hazy altar of Hepliaklqana.
  1239 | D:2      | Reached XP level 4. HP: 38/38 MP: 4/4
  1267 | D:2      | Reached skill level 5 in Axes
  1271 | D:2      | Noticed Robin
  1509 | D:2      | Killed Robin
  1542 | D:2      | Found a faded altar of an unknown god.
  1799 | D:2      | Noticed Terence
  2013 | D:2      | Killed Terence
  2013 | D:2      | Reached XP level 5. HP: 45/45 MP: 5/5
  2197 | D:2      | Reached skill level 6 in Axes
  2486 | D:3      | Found a shadowy altar of Dithmenos.
  2575 | D:3      | Found a runed door.
  3271 | D:4      | Noticed Natasha
  3283 | D:4      | Noticed Dowan
  3284 | D:4      | Noticed Duvessa
  3308 | D:5      | Entered Level 5 of the Dungeon
  3312 | D:5      | HP: 1/45 [gnoll shaman/whip (2)]
  3315 | D:5      | Reached XP level 6. HP: 2/51 MP: 6/6
  3317 | D:5      | Mangled by a gnoll

Skill      XL: |  1  2  3  4  5 |
---------------+----------------+-----
Axes           | 4 5 6 |  6.9
Fighting       | |  3.2
Dodging        | |  2.6
Stealth        | |  1.7

Action                   |  1- 3 |  4- 6 || total
-------------------------+-------+-------++-------
Melee: Hand axe          |   121 |   155 ||   276
       Tailslap          |    10 |    15 ||    25
       War axe           |       |    40 ||    40
  Use: Potion            |       |     5 ||     5
       Scroll            |       |     4 ||     4
 Stab: Sleeping          |     3 |     6 ||     9
  Eat: Chunk             |     1 |     6 ||     7
Armor: Skin              |    33 |    53 ||    86
Dodge: Dodged            |    87 |   122 ||   209
